 Dungeon Crawl Stone Soup version 0.20.1-1-g8b1a95d (webtiles) character file.

40 vatarom the Gusty (level 3, 0/20 HPs)
             Began as a Tengu Air Elementalist on Oct 18, 2017.
             Succumbed to an adder's poison
             ... on level 2 of the Dungeon.
             The game lasted 00:03:30 (1492 turns).

vatarom the Gusty (Tengu Air Elementalist)          Turns: 1492, Time: 00:03:31

Health: 0/20       AC:  4    Str:  5 (8)  XL:     3   Next: 50%
Magic:  5/7        EV: 18    Int: 15 (16) God:
Gold:   132        SH:  0    Dex: 16 (19) Spells: 3/6 levels left

rFire    . . .     SeeInvis .   i - +0 mace
rCold    . . .     Gourm    .   (no shield)
rNeg     . . .     Faith    .   a - +2 robe
rPois    .         Spirit   .   (helmet restricted)
rElec    .         Reflect  .   (no cloak)
rCorr    .         Harm     .   (no gloves)
MR       .....                  (boots unavailable)
Stlth    +++.......             f - amulet of inaccuracy (curse)
Regen    0.1/turn               (no ring)
MPRegen  0.1/turn               (no ring)

@: agile, lethally poisoned (0 -> -5)
A: beak, talons 3
a: no special abilities


You were on level 2 of the Dungeon.
You were not hungry.

You visited 1 branch of the dungeon, and saw 2 of its levels.

You collected 132 gold pieces.

Inventory:

Hand Weapons
 i - a +0 mace (weapon)
Armour
 a - a +2 robe (worn)
Jewellery
 f - a cursed amulet of inaccuracy (around neck)
Scrolls
 g - 6 scrolls of teleportation
Potions
 e - a potion of resistance
Books
 b - a book of Air

   Spells                             Type                      Level
   a - Shock                          Conjuration/Air              1
   b - Swiftness                      Charms/Air                   2
   c - Static Discharge               Conjuration/Air              3
   d - Airstrike                      Air                          4
   e - Lightning Bolt                 Conjuration/Air              5
Comestibles
 c - a bread ration


   Skills:
 + Level 0.8 Fighting
 - Level 2.1 Dodging
 - Level 2.0 Stealth
 * Level 2.4 Spellcasting
 + Level 2.0 Conjurations
 * Level 5.0 Air Magic


You had 3 spell levels left.
You knew the following spells:

 Your Spells              Type           Power        Failure   Level  Hunger
a - Shock                 Conj/Air       ##..         4%          1    #......
b - Swiftness             Chrm/Air       #.......     12%         2    ###....


Dungeon Overview and Level Annotations

Branches:
Dungeon (2/15)

Altars:
Xom


Innate Abilities, Weirdness & Mutations

You have a beak for a mouth.
You have claws for feet.


Message History

Casting: Shock
Confirm with . or Enter, or press ? or * to list all spells.
Aiming: Shock
Press: ? - help, Shift-Dir - straight line, f - hobgoblin
Aim: a hobgoblin, wielding a club The zap misses the hobgoblin.
* * * LOW HITPOINT WARNING * * *
You feel sick. The hobgoblin barely misses you.
Casting: Shock
Confirm with . or Enter, or press ? or * to list all spells.
Aiming: Shock
Press: ? - help, Shift-Dir - straight line, f/p - hobgoblin
Aim: a hobgoblin, wielding a club The zap hits the hobgoblin.
You kill the hobgoblin!
Your Air Magic skill increases to level 5!
There is a lethal amount of poison in your body!
Things that are here:
a club; an adder corpse You die...

#.# #...... #.# ##.#.###
##.# #.###.# #..#
#..#.## #.## #...## #.#
#..## . ##.## #..#
...<######...####..#####
#.....@)...............
#..######....###..####)
##.#.# #....... #.#.#
#...##.. #.#.# #.......
#.#.# ##...#..
#.#..<........
#.#........#..
#.#...........


There were no monsters in sight!

Vanquished Creatures
  An adder (D:2)
  A dart slug (D:2)
  A leopard gecko (D:1)
  A giant cockroach (D:1)
  6 goblins (D:1)
  4 hobgoblins
  A jackal (D:1)
  3 kobolds
  3 bats (D:1)
  A frilled lizard (D:1)
  4 rats (D:1)
26 creatures vanquished.

Notes
Turn   | Place    | Note
-------+----------+-------------------------------------------
     0 | D:1      | vatarom the Tengu Air Elementalist began the quest for the Orb.
     0 | D:1      | Reached XP level 1. HP: 10/10 MP: 4/4
   156 | D:1      | Found a shimmering altar of Xom.
   197 | D:1      | Reached XP level 2. HP: 4/15 MP: 1/6
   352 | D:1      | Learned a level 2 spell: Swiftness
   882 | D:1      | Reached XP level 3. HP: 16/20 MP: 4/7
  1489 | D:2      | HP: 1/20 [poisoned by an adder]
  1490 | D:2      | Reached skill level 5 in Air Magic
  1492 | D:2      | Succumbed to an adder's poison

Skill      XL: |  1  2  3 |
---------------+----------+-----
Conjurations   | 2 |  2.0
Air Magic      | 5 |  5.0
Fighting       | |  0.8
Dodging        | |  2.1
Stealth        | |  2.0
Spellcasting   | |  2.4

Action                   || total
-------------------------++-------
Melee: Short sword       ||    16
       Kick              ||     3
       Mace              ||     5
       Peck              ||     2
 Cast: Shock             ||    48
  Use: Scroll            ||     4
       Potion            ||     4
  Eat: Chunk             ||     2
Armor: Robe              ||    13
Dodge: Dodged            ||    32
